 Dungeon Crawl Stone Soup version 0.17-a0-915-g8914353 (webtiles) character file.

137 krabocopter the Slasher (level 5, -5/45 HPs)
             Began as a Draconian Chaos Knight on May 4, 2015.
             Slain by an ogre
             ... wielding a +0 giant club
              (23 damage)
             ... on level 4 of the Dungeon.
             The game lasted 00:07:44 (2984 turns).

krabocopter the Slasher (Draconian Chaos Knight)    Turns: 2984, Time: 00:07:44

Health: -5/45      AC:  5    Str: 14    XL:     5   Next: 0%
Magic:  5/5        EV: 12    Int: 13    God:    Xom [..*...]
Gold:   87         SH:  0    Dex: 11    Spells: 0 memorised, 4 levels left

rFire  . . .     SeeInvis .     a - +0 falchion (chaos)
rCold  . . .     Clarity  .     (armour unavailable)
rNeg   . . .     SustAb   .     (no shield)
rPois  .         Gourm    .     (helmet restricted)
rElec  .         Spirit   .     (no cloak)
rCorr  .         Warding  .     (no gloves)
rMut   .         Stasis   .     (no boots)
MR     .....                    (no amulet)
Stlth  +.........               (no ring)
                                (no ring)

@: not resistant to hostile enchantments, very unstealthy
A: unfitting armour, cold-blooded, AC +5
a: Renounce Religion


You were on level 4 of the Dungeon.
You worshipped Xom.
You were a toy of Xom.
You were not hungry.

You visited 1 branch of the dungeon, and saw 4 of its levels.

You collected 87 gold pieces.

Inventory:

Hand weapons
 a - a +0 falchion of chaos (weapon)
Jewellery
 j - an uncursed amulet of warding {unknown}
Scrolls
 e - 2 scrolls of identify {unknown}
 f - 2 scrolls of fear {unknown}
 h - 3 scrolls of blinking {unknown}
 m - a scroll of immolation {unknown}
 n - a scroll of enchant armour {unknown}
 p - a scroll of amnesia {unknown}
Potions
 c - 2 potions of ambrosia {unknown}
 i - a potion of degeneration {unknown}
 k - 2 potions of heal wounds {unknown}
 l - a potion of curing
 q - a potion of haste {unknown}
Comestibles
 b - 2 bread rations
 d - a meat ration
 g - 3 fruits
 o - a chunk of flesh


   Skills:
 - Level 3.2 Fighting
 + Level 5.7 Long Blades
 - Level 2.1 Dodging


You had 4 spell levels left.
You didn't know any spells.

Dungeon Overview and Level Annotations

Branches:
Dungeon (4/15)
 Temple: D:4-7

Altars:
Dithmenos
Kikubaaqudgha


Innate Abilities, Weirdness & Mutations

Your plain brown scales are hard (AC +5).
Your body does not fit into most forms of armour.
You are cold-blooded and may be slowed by cold attacks.


Message History

Eat one of 2 chunks of flesh? (ye/n/q/i?) This raw flesh tastes terrible.
You continue eating. x2
An iguana comes into view.
The iguana hisses angrily.
An iguana is nearby!
An ogre comes into view. It is wielding a giant club.
The ogre shouts!
Found 12 gold pieces.
You barely miss the iguana. The iguana bites you.
You hit the iguana but do no damage. The iguana bites you!
You hit the ogre. You freeze the ogre.
The ogre is lightly wounded.
The ogre barely misses you. The iguana closely misses you.
You hit the ogre.
You feel better.
The ogre is lightly wounded.
The iguana barely misses you. The ogre hits you with a giant club!!
Ouch! That really hurt!
You die...
Xom chuckles heartily!

... ..... . .... ..
... .... #.###.....
##.#....... #........#
##..O.....#
#######...@l....#
#.<.............#
####..........#......
..............#......
#####.................
.........)...........
.....#...<.##......$ #
##............
..............


You could see an ogre and an iguana.

Vanquished Creatures
  An iron imp (D:2)
  2 worker ants
  3 adders
  A giant eyeball (shapeshifter) (D:3)
  2 oozes
  2 worms (D:3)
  A giant gecko (D:3)
  4 orcs (D:3)
  3 bats
  2 bat skeletons (D:3)
  3 bat zombies (D:3)
  A giant cockroach (D:1)
  5 goblins
  5 hobgoblins
  2 kobolds
  4 giant newts
  5 rats
46 creatures vanquished.

Notes
Turn   | Place    | Note
--------------------------------------------------------------
     0 | D:1      | krabocopter, the Draconian Chaos Knight, began the quest for the Orb.
     0 | D:1      | Reached XP level 1. HP: 19/19 MP: 1/1
   164 | D:1      | XOM: divination: magic mapping
   345 | D:1      | Reached XP level 2. HP: 26/26 MP: 2/2
   936 | D:2      | XOM: noise
  1126 | D:2      | Reached skill level 4 in Long Blades
  1201 | D:2      | Reached XP level 3. HP: 31/31 MP: 3/3
  1473 | D:2      | XOM is BORED!
  1473 | D:2      | XOM: summons 1 hostile demon
  1892 | D:3      | XOM: polymorph kobold -> giant gecko
  1899 | D:3      | XOM: harmless Divn miscast
  1907 | D:3      | Found a shadowy altar of Dithmenos.
  2458 | D:3      | Found an ancient bone altar of Kikubaaqudgha.
  2469 | D:3      | Reached XP level 4. HP: 24/38 MP: 4/4
  2653 | D:3      | Reached skill level 5 in Long Blades
  2722 | D:3      | XOM: cast spell 'Blink'
  2915 | D:4      | Reached XP level 5. HP: 34/45 MP: 5/5
  2979 | D:4      | Noticed an ogre
  2984 | D:4      | Slain by an ogre

Action                   |  1- 3 |  4- 6 || total
-------------------------+-------+-------++-------
Melee: Falchion          |   109 |    45 ||   154
  Use: Potion            |     2 |       ||     2
       Scroll            |     1 |       ||     1
 Stab: Paralysed         |     1 |     1 ||     2
       Petrified         |     1 |       ||     1
  Eat: Chunk             |     5 |     2 ||     7
